 Dungeon Crawl Stone Soup version 0.18-a0-1514-g6ed9364 (webtiles) character file.

3392 Fabri the Transmogrifier (level 10, -1/58 HPs)
             Began as an Octopode Transmuter on Mar 6, 2016.
             Was an Initiate of Gozag.
             Shot with an arrow by a centaur (13 damage)
             ... on level 7 of the Dungeon.
             The game lasted 00:32:41 (9540 turns).

Fabri the Transmogrifier (Octopode Transmuter)      Turns: 9540, Time: 00:32:41

Health: -1/58      AC:  2    Str:  7 (9)  XL:     10   Next: 4%
Magic:  10/13      EV: 20    Int: 22      God:    Gozag
Gold:   584        SH:  0    Dex: 24      Spells: 3 memorised, 4 levels left

rFire  . . .     SeeInvis .       - Unarmed
rCold  . . .     Gourm    .     (shield currently unavailable)
rNeg   . . .     Faith    .     (helmet currently unavailable)
rPois  x         Spirit   .     (no amulet)
rElec  .         Dismiss  .     e - ring of resist corrosion
rCorr  +         Reflect  .     u - ring of flight
SustAt .         Harm     .     m - ring of protection from magic
MR     +....     Clarity  +     t - +4 ring of dexterity
Stlth  ++........               B - +3 ring of intelligence
                                (no ring)
                                (no ring)
                                (no ring)

@: spider-form, somewhat resistant to hostile enchantments, unstealthy
A: almost no armour, (amphibious), 8 rings, (constrict 8), (camouflage 0),
clarity, clever 1, (gelatinous body 0)
a: End Transformation, Potion Petition, Call Merchant, Bribe Branch, Renounce
Religion, Evoke Flight


You were on level 7 of the Dungeon.
You worshipped Gozag.
Gozag was noncommittal.
You were not hungry.
You were a venomous arachnid creature.
You visited 2 branches of the dungeon, and saw 9 of its levels.

You collected 673 gold pieces.
You paid 89 gold pieces to Gozag.

Inventory:

Hand Weapons
 C - a +2 falchion of slicing (melded)
Missiles
 a - 107 arrows
 h - 26 sling bullets
 k - 171 stones (quivered)
 o - 35 bolts
Armour
 w - a +0 buckler
Jewellery
 e - a ring of resist corrosion (left front leg)
 m - a ring of protection from magic (on tentacle)
 t - a +4 ring of dexterity (on tentacle)
 u - a ring of flight (right front leg)
 B - a +3 ring of intelligence (on tentacle)
Wands
 l - a wand of random effects (5/48)
 v - a wand of paralysis (11/24)
Scrolls
 f - a scroll of identify
 p - a scroll of recharging
Potions
 q - a potion of brilliance
Books
 b - a book of Changes

   Spells                             Type                      Level
   a - Beastly Appendage              Transmutation                1
   b - Sticks to Snakes               Transmutation                2
   c - Spider Form                    Transmutation/Poison         3
   d - Ice Form                       Ice/Transmutation            4
   e - Blade Hands                    Transmutation                5
 z - a Fen Folio

   Spells                             Type                      Level
   a - Corpse Rot                     Necromancy                   2
   b - Stone Arrow                    Conjuration/Earth            3
   c - Leda's Liquefaction            Hexes/Earth                  4
   d - Summon Forest                  Summoning/Translocation      5
   e - Hydra Form                     Transmutation                6
   f - Summon Hydra                   Summoning                    7
Comestibles
 c - 9 bread rations


   Skills:
 - Level 1.0 Fighting
 - Level 2.0 Dodging
 * Level 9.8 Unarmed Combat
 - Level 2.0 Spellcasting
 - Level 10.5 Transmutations


You had 4 spell levels left.
You knew the following spells:

 Your Spells              Type           Power        Failure   Level  Hunger
a - Sticks to Snakes      Trmt           #####...     2%          2    ##.....
b - Spider Form           Trmt/Pois      ####......   17%         3    ###....
c - Ice Form              Ice/Trmt       ####....     36%         4    #####..


Dungeon Overview and Level Annotations

Branches:
Dungeon (8/15)             Temple (1/1) D:6
   Lair: D:8-11

Altars:
Ashenzari
Dithmenos
Elyvilon
Fedhas
Gozag
Nemelex Xobeh
Okawaru
Pakellas
Ru
Sif Muna
Trog
Vehumet
Xom
Yredelemnul
The Shining One

Shops:
D:6 (


Innate Abilities, Weirdness & Mutations

You cannot wear most types of armour.
((You are amphibious.))
You can wear up to eight rings at the same time.
((You can use your tentacles to constrict eight enemies at once.))
((Your skin changes colour to match your surroundings (Stealth).))
((Your rubbery body absorbs attacks (AC +1).))
You possess an exceptional clarity of mind.
Your mind is acute. (Int +2)


Message History

a flail; a chain mail You start resting.
Your transformation has ended.
Your +2 falchion of slicing unmelds from your body.
You start resting.
A centaur comes into view.
Casting: Spider Form
Confirm with . or Enter, or press ? or * to list all spells.
You turn into a venomous arachnid creature.
Your +2 falchion of slicing melds into your body.
The centaur shouts!
The centaur moves out of view.
The centaur wields a shortbow.
The centaur shoots an arrow.
The arrow hits you!
There is an open door here.
You see here an arrow.
The centaur shoots an arrow.
The arrow hits you!
* * * LOW HITPOINT WARNING * * *
The centaur shoots an arrow.
The arrow hits you!
You die...
Your body crumbles into a pile of gold.

#.# #.#.#.# #####.#
#.#.#.# ......####
#.#...#
.........######.....#
................#...#
................#..)#
................#..>#
.........########(###
................s..#
...................#
.............c.....#
...................#
########
...................#
#.......
.........########'##
#.###### .........#
#.# #.# .........#
#.###### #.#
########## #......#
#.#


You could see a centaur.

Vanquished Creatures
  A two-headed ogre (D:6)
  Grinder (D:3)
  A spriggan (D:7)
  Eustachio (D:5)
  A hungry ghost (D:7)
  Menkaure (D:6)
  A sky beast (D:5)
  An ice beast (D:7)
  2 orc warriors (D:7)
  2 ogres
  2 centaurs
  4 giant frogs
  A gnoll sergeant (D:5)
  5 scorpions
  A howler monkey (D:4)
  3 crimson imps
  A giant frog zombie (D:7)
  4 hounds
  A quasit (D:5)
  Crazy Yiuf (D:6)
  A jelly (D:7)
  3 orc priests
  A giant frog skeleton (D:7)
  An iguana (D:6)
  7 orc wizards
  2 worker ants
  A hound zombie (D:6)
  2 hound skeletons (D:4)
  A worker ant zombie (D:6)
  Robin (D:3)
  10 adders
  7 gnolls
  2 shadow imps
  2 adder skeletons (D:7)
  2 worms
  3 dart slugs
  6 giant geckos
  19 orcs
  7 giant cockroaches
  15 goblins
  13 hobgoblins
  4 jackals (D:3)
  6 quokkas
  9 bats
  4 giant newts
  A jackal skeleton (D:4)
  10 kobolds
  A quokka zombie (D:5)
  3 rats
179 creatures vanquished.

Vanquished Creatures (collateral kills)
  A hungry ghost (D:5)
  An ice beast (D:5)
  A goblin (D:3)
3 creatures vanquished.

Grand Total: 182 creatures vanquished

Notes
Turn   | Place    | Note
--------------------------------------------------------------
     0 | D:1      | Fabri the Octopode Transmuter began the quest for the Orb.
     0 | D:1      | Reached XP level 1. HP: 13/13 MP: 3/3
   185 | D:1      | Reached XP level 2. HP: 12/18 MP: 3/5
   605 | D:1      | Found a sparkling altar of Nemelex Xobeh.
   927 | D:1      | Reached skill level 3 in Transmutations
  1039 | D:1      | Reached XP level 3. HP: 23/23 MP: 6/6
  1160 | D:1      | Learned a level 3 spell: Spider Form
  1374 | D:2      | Reached skill level 4 in Transmutations
  1374 | D:2      | Reached XP level 4. HP: 18/28 MP: 3/7
  2158 | D:2      | Learned a level 2 spell: Sticks to Snakes
  2332 | D:3      | Noticed Robin
  2366 | D:3      | Killed Robin
  2366 | D:3      | Reached XP level 5. HP: 14/33 MP: 1/8
  2565 | D:3      | Reached skill level 5 in Transmutations
  3009 | D:3      | Noticed Grinder
  3257 | D:3      | Paralysed by Grinder for 7 turns
  3276 | D:3      | Paralysed by Grinder for 6 turns
  3283 | D:3      | Killed Grinder
  3283 | D:3      | Reached skill level 6 in Transmutations
  3283 | D:3      | Reached XP level 6. HP: 26/38 MP: 6/9
  3465 | D:3      | Learned a level 4 spell: Ice Form
  3473 | D:4      | Found a basalt altar of Yredelemnul.
  3488 | D:4      | Reached skill level 7 in Transmutations
  3501 | D:4      | Reached XP level 7. HP: 37/43 MP: 8/10
  4025 | D:4      | Reached skill level 8 in Transmutations
  4204 | D:5      | Entered Level 5 of the Dungeon
  4221 | D:5      | Gained mutation: Your mind is acute. (Int +2) [mutagenic meat]
  4222 | D:5      | Gained mutation: You possess an exceptional clarity of mind. [mutagenic meat]
  4258 | D:4      | Reached skill level 9 in Transmutations
  4258 | D:4      | Reached XP level 8. HP: 15/48 MP: 9/11
  5137 | D:5      | Reached skill level 10 in Transmutations
  5238 | D:5      | Noticed Eustachio
  5299 | D:5      | Killed Eustachio
  5651 | D:5      | Found a shimmering altar of Xom.
  5651 | D:5      | Found an iron altar of Okawaru.
  5833 | D:6      | Found Pimec's Weapon Shop.
  5866 | D:6      | Found an opulent altar of Gozag.
  5871 | D:6      | Became a worshipper of Gozag Ym Sagoz the Greedy
  6092 | D:6      | Noticed Menkaure
  6105 | D:6      | Killed Menkaure
  6105 | D:6      | Reached XP level 9. HP: 32/53 MP: 8/12
  6123 | D:6      | Reached skill level 5 in Unarmed Combat
  6156 | D:6      | Found a staircase to the Ecumenical Temple.
  6170 | Temple   | Entered the Ecumenical Temple
  6526 | D:6      | Noticed Crazy Yiuf
  6537 | D:6      | Killed Crazy Yiuf
  6856 | D:6      | Noticed a two-headed ogre
  7981 | D:7      | Found a radiant altar of Vehumet.
  9243 | D:6      | Killed a two-headed ogre
  9259 | D:6      | Reached XP level 10. HP: 58/58 MP: 11/13
  9540 | D:7      | Shot with an arrow by a centaur

Vault maps used:
D:1:      dpeg_arrival_simpleton_b, nemelex_diamond_rough_becter
D:3:      uniq_robin, uniq_grinder
D:4:      first_bread, yredelemnul_altar_generic
D:5:      gammafunk_temple_overflow_statue, uniq_eustachio
D:6:      minmay_temple_entry_trees, serial_shops, shop,
          nicolae_gozag_cash_rules_everything_around_me, uniq_menkaure,
          uniq_crazy_yiuf_cottage
D:7:      kennysheep_mini, the_bakery
D:8:      old_standard_altar, slow_altar_2, lemuel_round_altar, uniq_erolcha,
          uniq_erica, uniq_joseph, uniq_psyche
Temple:   zaba_magenta_temple_12

Skill      XL: |  1  2  3  4  5  6  7  8  9 |
---------------+----------------------------+-----
Transmutations | 3 4 6 7 9 10 | 10.5
Unarmed Combat | 4 9 |  9.8
Fighting       | |  1.0
Dodging        | |  2.0
Spellcasting   | |  2.0

Action                   |  1- 3 |  4- 6 |  7- 9 | 10-12 || total
-------------------------+-------+-------+-------+-------++-------
Melee: Unarmed           |    20 |    84 |   281 |    14 ||   399
       Short sword       |    52 |    67 |     9 |       ||   128
       Staff             |       |       |    18 |       ||    18
       Falchion          |       |       |    26 |       ||    26
Throw: Stone             |       |     5 |       |       ||     5
 Cast: Beastly Appendage |    18 |     6 |       |       ||    24
       Spider Form       |     2 |     9 |    28 |     2 ||    41
       Sticks to Snakes  |       |     1 |     4 |       ||     5
       Ice Form          |       |       |    10 |       ||    10
Evoke: Wand              |       |       |     9 |       ||     9
  Use: Scroll            |     2 |     6 |     9 |       ||    17
       Potion            |       |     5 |     8 |       ||    13
 Stab: Sleeping          |     5 |     7 |     2 |       ||    14
       Paralysed         |       |       |     4 |       ||     4
       Distracted        |       |       |     1 |       ||     1
  Eat: Chunk             |     2 |     8 |     9 |       ||    19
       Meat ration       |       |       |     2 |       ||     2
       Fruit             |       |       |     6 |       ||     6
       Bread ration      |       |       |     2 |       ||     2
